 Dungeon Crawl Stone Soup version 0.26-a0-542-gbaa144ba5c (webtiles) character file.

Game seed: 18194640541971722760

56973 Errates the Geomancer (level 14, -2/88 HPs)
             Began as a Gargoyle Earth Elementalist on Aug 17, 2020.
             Was a High Priest of Vehumet.
             Slain by an orc warrior
             ... wielding a +0 glaive
              (16 damage)
             ... on level 1 of the Orcish Mines.
             The game lasted 00:49:15 (26053 turns).

Errates the Geomancer (GrEE)                       Turns: 26053, Time: 00:49:16

Health: -2/88      AC: 27    Str: 17    XL:     14   Next: 84%
Magic:  19/25      EV: 15    Int: 29    God:    Vehumet [*****.]
Gold:   1964       SH:  5    Dex: 10    Spells: 20/34 levels left

rFire    . . .     SeeInvis .   I - +0 mace of the Skies Above {elec, Str+5}
rCold    . . .     Faith    .   (no shield)
rNeg     + . .     Spirit   .   A - +1 robe of the Snail {Int+2 Slay+2}
rPois    ∞         Reflect  +   s - +0 helmet
rElec    +         Harm     .   J - +1 cloak
rCorr    .                      T - +2 pair of gloves
MR       +....                  j - +0 pair of boots
Stlth    ++........             K - amulet of reflection
HPRegen  0.24/turn              P - +4 ring of protection
MPRegen  0.19/turn              n - +6 ring of intelligence

@: slightly contaminated, invisible
A: big wings, fangs 1, rugged brown scales 1, blurry vision 1, low mp 1,
negative energy resistance 1, electricity resistance, unbreathing, petrification
resistance, rot immunity, AC +10
a: Fly, Renounce Religion


You were on level 1 of the Orcish Mines.
You worshipped Vehumet.
Vehumet was extremely pleased with you.
You visited 4 branches of the dungeon, and saw 23 of its levels.

You collected 1964 gold pieces.

Inventory:

Hand Weapons
 w - a +2 flail of holy wrath
 D - a +2 morningstar of electrocution
 I - the +0 mace of the Skies Above (weapon) {elec, Str+5}
   (You found it on level 7 of the Dungeon)

   Occasionally, upon striking a foe, it will discharge some electrical energy
   and cause terrible harm.
   It affects your strength (+5).
Missiles
 b - 404 stones (quivered)
 N - a throwing net
Armour
 j - a +0 pair of boots (worn)
 s - a +0 helmet (worn)
 A - the +1 robe of the Snail (worn) {Int+2 Slay+2}
   (You found it on level 4 of the Dungeon)

   It affects your intelligence (+2).
   It affects your accuracy and damage with ranged weapons and melee attacks
   (+2).
 C - a +0 troll leather armour
 J - a +1 cloak (worn)
 T - a +2 pair of gloves (worn)
Magical Staves
 h - an uncursed staff of wizardry
Jewellery
 d - an uncursed ring of see invisible
 n - a +6 ring of intelligence (right hand)
 G - an uncursed ring of protection from fire
 K - an amulet of reflection (around neck)
 M - an uncursed ring of protection from cold
 P - a +4 ring of protection (left hand)
 U - an uncursed ring of protection from fire
 V - an uncursed amulet of faith {unknown}
Wands
 l - a wand of random effects (11)
 O - a wand of flame (54)
Scrolls
 o - a scroll of immolation
 v - a scroll of fog
 x - 8 scrolls of amnesia
 E - 4 scrolls of magic mapping
 L - 7 scrolls of remove curse
 Q - 3 scrolls of teleportation
 W - 2 scrolls of blinking
Potions
 a - 3 potions of might
 c - a potion of berserk rage {unknown}
 e - 3 potions of flight
 f - a potion of resistance
 g - 5 potions of lignification
 i - 2 potions of stabbing
 k - 4 potions of curing
 p - 4 potions of magic
 q - 2 potions of haste
 u - a potion of mutation
 z - 2 potions of brilliance {unknown}
 F - 2 potions of cancellation
 S - a potion of ambrosia {unknown}
Miscellaneous
 R - a box of beasts (3/3)


   Skills:
 + Level 9.5 Fighting
 + Level 8.7 Maces & Flails
 - Level 6.0 Armour
 + Level 7.5 Dodging
 - Level 2.1 Stealth
 + Level 10.5 Spellcasting
 + Level 11.9 Conjurations
 - Level 0.7 Transmutations
 + Level 13.5 Earth Magic
 - Level 6.0 Evocations


You had 20 spell levels left.
You knew the following spells:

 Your Spells              Type           Power        Failure   Level
a - Sandblast             Erth           ######       0%          1
b - Stone Arrow           Conj/Erth      ######       1%          3
c - Lee's Rapid Deconstr  Erth           #######...   1%          5
d - Irradiate             Conj/Tmut      ######....   2%          5

Your spell library contained the following spells:

 Spells                   Type           Power        Failure   Level
 Airstrike                Air            ###.......   10%         4
 Magic Dart               Conj           ####         1%          1
 Passwall                 Tmut/Erth      ######..     1%          2
 Conjure Flame            Conj/Fire      #####...     1%          3
 Mephitic Cloud           Conj/Pois/Air  #####...     1%          3
 Petrify                  Tmut/Erth      ######..     1%          4
 Summon Small Mammal      Summ           ###.         3%          1
 Blink                    Tloc           N/A          5%          2
 Call Imp                 Summ           ###.....     5%          2
 Poisonous Vapours        Pois/Air       ###...       5%          2
 Slow                     Hex            ###.....     5%          2
 Call Canine Familiar     Summ           ###.....     11%         3
 Summon Guardian Golem    Hex/Summ       ###.....     11%         3
 Freezing Cloud           Conj/Ice/Air   #####.....   26%         6
 Summon Ice Beast         Ice/Summ       ###.....     34%         4
 Summon Lightning Spire   Summ/Air       ###.....     34%         4
 Hydra Form               Tmut           ###.......   99%         6
 Dragon Form              Tmut           ###.......   100%        7
 Statue Form              Tmut/Erth      Unusable     N/A         6

Dungeon Overview and Level Annotations

Branches:
Dungeon (14/15)            Temple (1/1) D:7            Lair (6/6) D:11
 Shoals (0/4) Lair:2        Snake (0/4) Lair:2        Slime (0/5) Lair:6
    Orc (2/2) D:9          Vaults (0/5) D:13
    Elf: Orc:2

Altars:
Ashenzari
Gozag
Qazlal
Trog
Uskayaw
Vehumet
Xom
Yredelemnul
Zin
Jiyva

Shops:
Orc:1 ([:   Orc:2 *:

Annotations:
Lair:6 exclusion: 4 oklob plants
Orc:2 Maurice


Innate Abilities, Weirdness & Mutations

You are resistant to torment.
Your stone body is resilient. (AC +10)
You are immune to poison.
Your large and strong wings let you fly indefinitely.
You resist negative energy. (rN+)
You are resistant to electric shocks. (rElec)
You can survive without breathing.
You are immune to petrification.
You are immune to rotting.
You have very sharp teeth.
You are partially covered in rugged brown scales. (AC +1, +3% HP)
Scrolls take you a little longer to read.
Your magical capacity is low. (-10% MP)


Message History

You feel your power returning.
The orc wizard casts a spell at something.
The orc wizard casts a spell at you. The puff of frost misses you.
You hit the orc wizard.
The orc wizard is moderately wounded.
The orc wizard hits you but does no damage.
The cyclops throws a large rock.
The large rock hits the orc wizard!!!
The orc wizard dies!
You catch the helpless orc wizard completely off-guard!
You thump the orc wizard!
You kill the orc wizard!
Vehumet accepts your kill.
You feel your power returning. The orc warrior closely misses you.
You hit the orc warrior.
The orc warrior is lightly wounded.
The cyclops throws a large rock.
The large rock hits you!!!
* * * LOW HITPOINT WARNING * * *
The orc warrior hits you with a +0 glaive!
You die...

.....###. ##......#...
#####.#......#..
##..#$.........#C
#....$...........
#..#............
#.∩.....o(.......
#......@.............#
##....#)..............
##...))...............
#....#()).............
##.##.).)....$.......o
#.......).............
##.#..................
##...........>.......
#..........(.........


You could see a cyclops and an orc warrior.

Vanquished Creatures
  Agnes (D:14)
  A fire dragon (Lair:6)
  6 hydras
  An ice dragon (Lair:6)
  5 vault guards (D:13)
  A catoblepas (Lair:6)
  A centaur warrior (D:13)
  2 two-headed ogres (D:11)
  Urug (Lair:1)
  Nergalle (Lair:4)
  A fire crab (Lair:6)
  A swamp dragon (Lair:6)
  An unseen horror (D:12)
  Pikel (D:6)
  2 lindwurms (Lair:6)
  3 orc knights (Orc:2)
  6 ugly things
  3 cyclopes
  A deep elf mage (D:13)
  2 orc sorcerers (Orc:2)
  2 manticores
  A merfolk siren (Lair:2)
  2 black mambas
  5 torpor snails (Lair:6)
  8 cane toads
  5 komodo dragons
  An efreet (D:14)
  2 rime drakes (Lair:6)
  3 tyrant leeches (Lair:6)
  5 trolls
  The ghost of P0WERM0DE the Skirmisher, an amateur DsBr of Ashenzari (D:4)
  2 tengu conjurers (D:13)
  A polar bear (Lair:6)
  The ghost of MrRokkomies the Chiller, an amateur DgIE (D:4)
  8 hornets
  4 blink frogs (Lair:3)
  6 dream sheep (Lair:6)
  15 hippogriffs
  The ghost of FIQ the Cudgeler, an amateur GrFi (D:4)
  The ghost of ANON1729 the Sneak, an amateur KoBr (D:4)
  3 wyverns
  2 wraiths
  11 yaks
  4 basilisks
  A steam dragon (Lair:6)
  Grum (D:8)
  3 wargs
  5 acid dragons (Lair:6)
  A soldier ant (D:14)
  3 porcupines
  3 water moccasins
  2 swamp drakes (Lair:6)
  19 orc warriors
  An ice beast (D:12)
  4 eyes of draining
  A sky beast (D:10)
  A black bear (Lair:2)
  A necrophage (D:9)
  A phantom (D:13)
  A hornet zombie (D:12)
  9 ogres
  8 centaurs
  22 wolves
  12 crocodiles
  2 lemures (D:6)
  3 big kobolds
  15 bullfrogs
  A wyvern zombie (D:12)
  4 scorpions
  The ghost of RamboRex the Chopper, a weakling MiBe of Trog (D:4)
  13 wights
  10 killer bees
  A howler monkey (D:4)
  5 jellies
  An electric eel (Lair:2)
  A bullfrog zombie (D:12)
  5 centaur zombies
  5 hounds
  19 orc priests
  18 orc wizards
  Crazy Yiuf (D:7)
  3 bullfrog skeletons
  A gnoll shaman (D:10)
  3 iguanas
  8 worker ants
  3 hound skeletons
  2 worker ant zombies
  7 gnolls
  10 adders
  4 white imps
  An ooze (D:1)
  An ufetubus (D:8)
  2 worms
  A dart slug (D:3)
  8 leopard geckos
  64 orcs
  A ball python (D:1)
  7 giant cockroaches
  9 goblins
  9 hobgoblins
  11 jackals
  4 quokkas
  2 bats (D:1)
  4 frilled lizards
  14 kobolds
  2 quokka skeletons
  7 rats
  5 plants (Lair:6)
532 creatures vanquished.

Vanquished Creatures (collateral kills)
  An ugly thing (D:14)
1 creature vanquished.

Vanquished Creatures (others)
  A cane toad (Lair:6)
  A bullfrog zombie (D:13)
  An orc wizard (Orc:1)
  An adder (D:7)
  2 jackals (D:7)
  8 fungi
  11 plants
25 creatures vanquished.

Grand Total: 558 creatures vanquished

Notes
Turn   | Place    | Note
-------+----------+-------------------------------------------
     0 | D:1      | Errates the Gargoyle Earth Elementalist began the quest for
                  | the Orb.
     0 | D:1      | Reached XP level 1. HP: 10/10 MP: 3/3
   151 | D:1      | Reached XP level 2. HP: 14/15 MP: 5/5
   169 | D:1      | Reached skill level 4 in Earth Magic
   812 | D:1      | Reached XP level 3. HP: 17/19 MP: 6/6
   817 | D:1      | Learned a level 3 spell: Stone Arrow
  1432 | D:2      | Reached skill level 1 in Conjurations
  1437 | D:2      | Reached XP level 4. HP: 6/24 MP: 0/8
  2142 | D:2      | Found a shattered altar of Ashenzari.
  2465 | D:3      | Found a stormy altar of Qazlal.
  2467 | D:3      | Noticed a water elemental
  2468 | D:3      | Noticed an earth elemental
  2468 | D:3      | Noticed an air elemental
  2468 | D:3      | Noticed a fire elemental
  2547 | D:3      | Reached skill level 5 in Earth Magic
  2707 | D:3      | Reached XP level 5. HP: 28/28 MP: 9/9
  2715 | D:3      | Learned a level 5 spell: Lee's Rapid Deconstruction
  3170 | D:4      | Found a runed translucent gate.
  3260 | D:4      | Noticed ANON1729's ghost (amateur KoBr)
  3261 | D:4      | Noticed RamboRex's ghost (weakling MiBe)
  3262 | D:4      | Found a runed translucent gate.
  3262 | D:4      | Noticed P0WERM0DE's ghost (amateur DsBr)
  3262 | D:4      | Noticed FIQ's ghost (amateur GrFi)
  3262 | D:4      | Noticed MrRokkomies's ghost (amateur DgIE)
  3263 | D:4      | Found a runed translucent gate.
  3554 | D:4      | Reached XP level 6. HP: 32/32 MP: 11/11
  3631 | D:4      | Found a basalt altar of Yredelemnul.
  3832 | D:5      | Entered Level 5 of the Dungeon
  3975 | D:5      | Reached skill level 6 in Earth Magic
  4031 | D:5      | Reached XP level 7. HP: 36/36 MP: 7/13
  4770 | D:6      | Reached skill level 7 in Earth Magic
  4856 | D:6      | Reached skill level 5 in Spellcasting
  5016 | D:6      | Reached skill level 5 in Conjurations
  5016 | D:6      | Reached XP level 8. HP: 36/41 MP: 15/15
  5251 | D:6      | Found a bloodstained altar of Trog.
  5559 | D:6      | Reached skill level 8 in Earth Magic
  5621 | D:6      | Noticed Pikel
  5633 | D:6      | Killed Pikel
  5633 | D:6      | Reached XP level 9. HP: 39/45 MP: 6/18
  6074 | D:6      | Reached skill level 9 in Earth Magic
  6908 | D:7      | Got a bone mace
  6909 | D:7      | Identified the cursed +0 mace of the Skies Above {elec,
                  | Str+5} (You found it on level 7 of the Dungeon)
  6968 | D:7      | Found a runed translucent door.
  6969 | D:7      | Noticed Crazy Yiuf
  6975 | D:7      | Killed Crazy Yiuf
  7136 | D:7      | Found a radiant altar of Vehumet.
  7145 | D:7      | Became a worshipper of Vehumet
  7808 | D:7      | Reached skill level 1 in Fighting
  7841 | D:7      | Found a staircase to the Ecumenical Temple.
  7850 | Temple   | Entered the Ecumenical Temple
  7959 | D:8      | Noticed Grum
  7964 | D:8      | Reached skill level 1 in Maces & Flails
  7964 | D:8      | Reached skill level 1 in Armour
  7964 | D:8      | Reached skill level 1 in Evocations
  8305 | D:8      | Reached XP level 10. HP: 35/53 MP: 18/20
  8560 | D:8      | Killed Grum
  8565 | D:8      | Reached * piety under Vehumet
  8565 | D:8      | Offered knowledge of Foxfire by Vehumet.
  8565 | D:8      | Reached skill level 10 in Earth Magic
  8595 | D:8      | Found a shimmering altar of Xom.
  9294 | D:9      | Offered knowledge of Magic Dart by Vehumet.
  9296 | D:9      | Reached ** piety under Vehumet
  9443 | D:9      | Found a hide-covered altar of Uskayaw.
  9484 | D:9      | Found a glowing silver altar of Zin.
  9634 | D:9      | Found a shimmering altar of Xom.
  9850 | D:9      | Found a staircase to the Orcish Mines.
  9875 | D:10     | Entered Level 10 of the Dungeon
 10336 | D:10     | Found a shattered altar of Ashenzari.
 10368 | D:10     | Offered knowledge of Inner Flame by Vehumet.
 10689 | D:10     | Reached *** piety under Vehumet
 10911 | D:4      | Killed ANON1729's ghost
 10912 | D:4      | Killed MrRokkomies's ghost
 10912 | D:4      | Killed P0WERM0DE's ghost
 10912 | D:4      | Reached XP level 11. HP: 60/60 MP: 6/22
 10913 | D:4      | Killed FIQ's ghost
 10917 | D:4      | Killed RamboRex's ghost
 10940 | D:4      | Got a heavy robe
 10951 | D:4      | Identified the +1 robe of the Snail {Int+2 Slay+2} (You
                  | found it on level 4 of the Dungeon)
 11274 | D:11     | Offered knowledge of Dazzling Flash by Vehumet.
 11356 | D:11     | Noticed a cyclops
 11367 | D:11     | Killed a cyclops
 11816 | D:11     | Noticed a cyclops
 11819 | D:11     | Killed a cyclops
 12050 | D:11     | Noticed a two-headed ogre
 12051 | D:11     | Noticed a two-headed ogre
 12054 | D:11     | Killed a two-headed ogre
 12055 | D:11     | Killed a two-headed ogre
 12140 | D:11     | Found a staircase to the Lair.
 12431 | D:11     | Reached **** piety under Vehumet
 12752 | D:12     | Offered knowledge of Frozen Ramparts by Vehumet.
 12770 | D:12     | Reached skill level 11 in Earth Magic
 12771 | D:12     | Reached skill level 5 in Fighting
 13093 | D:12     | Reached skill level 5 in Armour
 13323 | D:12     | Learned a level 5 spell: Irradiate
 13582 | D:13     | Noticed a four-headed hydra
 13589 | D:12     | Killed a four-headed hydra
 13592 | D:12     | Killed an unseen horror
 13592 | D:12     | Reached XP level 12. HP: 55/68 MP: 4/24
 13710 | D:13     | Got a faintly glowing silver amulet
 13722 | D:13     | Identified the amulet of Qoozou Agron {Inacc Int+6} (You
                  | found it on level 13 of the Dungeon)
 13804 | D:13     | Reached skill level 5 in Maces & Flails
 14249 | D:13     | Noticed a vault guard
 14251 | D:13     | Noticed a vault guard
 14255 | D:13     | Noticed a vault guard
 14515 | D:13     | Killed a vault guard
 14805 | D:13     | Noticed a centaur warrior
 14822 | D:13     | Killed a centaur warrior
 14977 | D:13     | Found a gate to the Vaults.
 15074 | D:13     | Killed a vault guard
 15074 | D:13     | Reached skill level 5 in Dodging
 15074 | D:13     | Reached skill level 5 in Evocations
 15134 | D:13     | Noticed a vault guard
 15142 | D:13     | Killed a vault guard
 15152 | D:13     | Noticed a vault guard
 15159 | D:13     | Killed a vault guard
 15201 | D:13     | Killed a vault guard
 15201 | D:13     | Reached skill level 10 in Conjurations
 15559 | D:14     | Reached XP level 13. HP: 33/76 MP: 4/26
 16077 | D:14     | Reached skill level 12 in Earth Magic
 16120 | D:14     | Noticed Agnes
 16125 | D:14     | Killed Agnes
 16199 | D:14     | Gained mutation: You have very sharp teeth. [potion of
                  | mutation]
 16199 | D:14     | Gained mutation: You are partially covered in rugged brown
                  | scales. (AC +1, +3% HP) [potion of mutation]
 16199 | D:14     | Gained mutation: Your magical capacity is low. (-10% MP)
                  | [potion of mutation]
 16199 | D:14     | Gained mutation: You have supernaturally acute eyesight.
                  | (SInv) [potion of mutation]
 16595 | Lair:1   | Entered Level 1 of the Lair of Beasts
 16595 | Lair:1   | Noticed Urug
 16601 | Lair:1   | Killed Urug
 16770 | Lair:1   | Reached ***** piety under Vehumet
 17253 | Lair:1   | Offered knowledge of Spellforged Servitor by Vehumet.
 17954 | Lair:2   | Found an opulent altar of Gozag.
 17959 | Lair:2   | Found a staircase to the Snake Pit.
 18077 | Lair:2   | Found a staircase to the Shoals.
 20381 | Lair:4   | Noticed Nergalle
 20401 | Lair:4   | Killed Nergalle
 22103 | Lair:6   | Entered Level 6 of the Lair of Beasts
 22119 | Lair:5   | Gained mutation: Your large and strong wings let you fly
                  | indefinitely. [Gargoyle growth]
 22119 | Lair:5   | Reached XP level 14. HP: 62/86 MP: 15/25
 22188 | Lair:6   | Reached skill level 10 in Spellcasting
 22794 | Lair:6   | Reached skill level 13 in Earth Magic
 23488 | Lair:6   | Offered knowledge of Airstrike by Vehumet.
 24181 | Lair:6   | Found a viscous altar of Jiyva.
 24181 | Lair:6   | Found a staircase to the Slime Pits.
 24345 | Lair:6   | Found a runed translucent door.
 25462 | Orc:1    | Entered Level 1 of the Orcish Mines
 25532 | Orc:1    | Found Teweufoe's Antique Weapon Shoppe.
 25657 | Orc:2    | Entered Level 2 of the Orcish Mines
 25666 | Orc:2    | Found Joat's General Store.
 25666 | Orc:2    | Paralysed by an orc sorcerer for 2 turns
 25986 | Orc:2    | Found Exzirpha's Book Shoppe.
 25994 | Orc:2    | Noticed Maurice
 25999 | Orc:2    | Paralysed by Maurice for 2 turns
 26018 | Orc:1    | Found Kocsash's Book Boutique.
 26029 | Orc:1    | Found Punaades's Antique Armour Emporium.
 26034 | Orc:1    | Lost mutation: You have supernaturally acute eyesight.
                  | (SInv) [mutagenic glow]
 26034 | Orc:1    | Gained mutation: Scrolls take you a little longer to read.
                  | [mutagenic glow]
 26053 | Orc:1    | Slain by an orc warrior

Illustrated notes

Levels and vault maps discovered:
D:1:      enne_arrival_octagon_isle, layout_basic, st_stairs_3,
          minmay_misc_feat_iff
D:2:      layout_loops_ring, marbit_many_paths
D:3:      layout_basic, chequers_garden, serial_bayou_pond_b,
          nicolae_qazlal_style_of_elements
D:4:      layout_loops_ring, gammafunk_ghost_cemetery, yredelemnul_altar_generic
D:5:      layout_basic, minmay_misc_feat_nine_boxes
D:6:      layout_basic, trog_eyes_of_draining, minmay_holes, uniq_pikel
D:7:      layout_basic, kennysheep_mini, lemuel_temple_firewalk_b,
          uniq_crazy_yiuf_cottage
D:8:      layout_rooms, basic_altar, uniq_grum
D:9:      layout_rooms, nicolae_overflow_hidden_temple
D:10:     layout_irregular_city, nicolae_ashenzari_panopticon
D:11:     layout_cave_pods, lair_entry_dummy, minmay_strange_pillars
D:12:     layout_basic, st_stairs_5
D:13:     layout_roguey, erik_vaults_2, serial_curves, eino_curves_01,
          eino_curves_02, lemuel_flamethrower_1
D:14:     layout_long_grid, roderic_roman_lattice, uniq_agnes
Temple:   nicolae_temple_elliptical
Lair:1:   layout_chaotic_city, minmay_hedge_maze, ldierk_geyser, uniq_urug
Lair:2:   layout_gridlike, minmay_shoals_entry_lonely_mermaid,
          dummy_snake_entry, basic_altar
Lair:3:   layout_small_grid
Lair:4:   cheibrodos_lair_river_kwai, layout_cave_shapes, uniq_nergalle
Lair:5:   layout_layer_cave
Lair:6:   wormcave, layout_small_grid, guppyfry_lair_end_dragon,
          dpeg_slime_entry_enclosed_altar, grunt_megastairs_4,
          minmay_lair_oklob_chamber, serial_bayou_shore_b
Orc:1:    layout_caves, serial_shops, nicolae_shop_stone, shop, shop, shop,
          uniq_sonja
Orc:2:    grunt_orc_gardens, layout_caves, grunt_orc_garden, grunt_orc_garden,
          grunt_orc_garden, grunt_orc_garden, nicolae_orc_flooded_monolith,
          minmay_orc_treasury, uniq_josephine, uniq_maurice

Skill      XL: |  1  2  3  4  5  6  7  8  9 10 11 12 13 14 |
---------------+-------------------------------------------+-----
Earth Magic    | 4 5 6 7 8 9 10 11 12 13 | 13.5
Conjurations   | 1 2 3 5 6 7 8 9 10 11 | 11.9
Spellcasting   | 3 4 5 6 7 8 9 10 | 10.5
Fighting       | 1 3 5 6 8 9 |  9.5
Maces & Flails | 1 3 4 6 7 8 |  8.7
Armour         | 1 3 5 6 |  6.0
Evocations     | 1 3 4 5 6 |  6.0
Dodging        | 2 3 4 5 6 7 |  7.5
Stealth        | |  2.1
Transmutations | |  0.7

Action                   |  1- 3 |  4- 6 |  7- 9 | 10-12 | 13-15 || total
-------------------------+-------+-------+-------+-------+-------++-------
Melee: Club              |    10 |       |       |       |       ||    10
       Dagger            |    74 |   193 |   235 |       |       ||   502
       Mace              |       |       |    76 |   547 |   453 ||  1076
       Morningstar       |       |       |       |       |    26 ||    26
       Bite              |       |       |       |       |    57 ||    57
Throw: Javelin           |       |       |       |     2 |       ||     2
 Cast: Sandblast         |    27 |    21 |    27 |    21 |    12 ||   108
       Stone Arrow       |       |       |     8 |    48 |    86 ||   142
       Lee's Rapid Decon |       |       |     6 |    46 |    29 ||    81
       Irradiate         |       |       |       |     3 |    34 ||    37
Evoke: Wand              |       |       |     2 |    14 |     6 ||    22
       Box of beasts     |       |       |       |     1 |     2 ||     3
  Use: Scroll            |       |    17 |     5 |     8 |    12 ||    42
       Potion            |       |       |     1 |     2 |    11 ||    14
 Stab: Sleeping          |       |     3 |       |     2 |     2 ||     7
       Distracted        |       |       |     1 |       |       ||     1
       Invisible         |       |       |       |       |     3 ||     3
Armor: Robe              |    30 |    36 |   105 |   281 |   350 ||   802
       Troll leather arm |       |       |       |   151 |       ||   151
Dodge: Dodged            |    57 |    97 |   182 |   460 |   461 ||  1257
Block: Other             |       |       |     8 |   162 |   156 ||   326
       Reflection        |       |       |       |     8 |     2 ||    10

Table legend: (Time is in decaauts)
 A = Elapsed time spent in this place.
 B = Non-inter-level travel time spent in this place.
 C = Inter-level travel time spent in this place.
 D = Time resting spent in this place.
 E = Time spent auto-exploring this place.
 F = Levels seen in this place.
 G = Mean time per level.
                   A        B        C        D        E       F      G
               +--------+--------+--------+--------+--------+-----+--------+
         Total |  26151 |  24904 |   1247 |   4505 |  16042 |  23 | 1137.0 |
       Dungeon |  16672 |  15806 |    866 |   2838 |   9796 |  14 | 1190.9 |
        Temple |      1 |      1 |      0 |      0 |      0 |   1 |    1.0 |
          Lair |   8886 |   8530 |    356 |   1438 |   6090 |   6 | 1481.0 |
  Orcish Mines |    590 |    565 |     25 |    229 |    156 |   2 |  295.0 |
               +--------+--------+--------+--------+--------+-----+--------+

Top non-repeatable levels by time:
  Lair:6: 3049 daAuts
     D:7: 1970 daAuts
  Lair:5: 1657 daAuts
     D:6: 1587 daAuts
    D:11: 1524 daAuts
    D:13: 1438 daAuts
     D:2: 1294 daAuts
    D:14: 1251 daAuts
    D:12: 1201 daAuts
  Lair:2: 1162 daAuts
     D:9: 1084 daAuts
     D:1: 1067 daAuts
    D:10: 1066 daAuts
  Lair:1: 1063 daAuts
  Lair:3: 993 daAuts
